 Dungeon Crawl Stone Soup version 0.28.0-45-g0d030f2227 (webtiles) character file.

Game seed: 15477094184415819422

107 Bruhh the Skirmisher (level 4, -3/32 HPs)
             Began as a Gargoyle Monk on Apr 20, 2022.
             Slain by Sigmund
             ... wielding a +0 scythe
              (4 damage)
             ... on level 3 of the Dungeon.
             The game lasted 00:04:49 (3093 turns).

Bruhh the Skirmisher (Gargoyle Monk)                Turns: 3093, Time: 00:04:50

Health: -3/32      AC:  5    Str: 15 (17) XL:     4   Next: 85%
Magic:  4/4        EV: 12    Int:  9 (10) God:
Gold:   98         SH:  0    Dex: 10 (12) Spells: 3/3 levels left

rFire   . . .      SeeInvis .   o - +5 rapier "Okat" {protect, rElec}
rCold   . . .      Faith    .   (no shield)
rNeg    + . .      Spirit   .   b - +0 robe
rPois   ∞          Reflect  .   (no helmet)
rElec   +          Harm     .   (no cloak)
rCorr   .          Rampage  .   (no gloves)
Will    .....                   (no boots)
Stlth   ++........              (no amulet)
HPRegen 0.10/turn               (no ring)
MPRegen 0.09/turn               (no ring)

@: no status effects
A: sickness immunity, AC +3, negative energy resistance 1, electricity
resistance, torment resistance 1, petrification resistance
a: no special abilities


You were on level 3 of the Dungeon.
You visited 1 branch of the dungeon, and saw 3 of its levels.

You collected 98 gold pieces.

Inventory:

Hand Weapons
 a - a +0 hand axe
 l - a +2 short sword of venom
 o - the +5 rapier "Okat" (weapon) {protect, rElec}
   (You found it on level 3 of the Dungeon)

   It grants its wielder temporary protection when it strikes (+7 to AC).
   rElec:     It insulates you from electricity.
Missiles
 e - 2 silver javelins (quivered)
Armour
 b - a +0 robe (worn)
Jewellery
 g - a ring of positive energy
Scrolls
 d - a scroll of blinking {unknown}
 f - 2 scrolls of identify {unknown}
 k - a scroll of holy word {unknown}
 n - a scroll of magic mapping {unknown}
Potions
 c - a potion of flight {unknown}
 h - 3 potions of berserk rage {unknown}
 i - a potion of degeneration
 j - a potion of might {unknown}
 m - a potion of haste {unknown}


   Skills:
 + Level 5.9 Fighting
 - Level 2.6 Axes
 - Level 2.4 Dodging
 - Level 2.1 Stealth


You had 3 spell levels left.
You didn't know any spells.
Your spell library was empty.

Dungeon Overview and Level Annotations

Branches:
Dungeon (3/15)

Altars:

Annotations:
D:3 Sigmund


Innate Abilities, Weirdness & Mutations

You are immune to sickness and miasma.
Your stone body is resilient. (AC +3)
You are immune to poison.
You resist negative energy. (rN+)
You are resistant to electric shocks. (rElec)
You are resistant to unholy torment.
You are immune to petrification.


Message History

No target in view!
No target in view!
No target in view!
You hear some strange, mumbled words.
Something tries to affect you, but you resist.
No target in view!
No target in view!
No target in view!
No target in view!
You closely miss something.
You hear some strange, mumbled words.
A puff of flame appears from out of thin air!
The puff of flame hits you.
You completely miss something. Something hits you but does no damage.
You hit something.
Your weapon exudes an aura of protection.
Something hits you but does no damage.
You hit something.
You hear some strange, mumbled words.
You are confused.
You miss something. Something hits you but does no damage.
You hit something.
You hear some strange, mumbled words.
A puff of flame appears from out of thin air!
The puff of flame hits you. Something barely misses you.
You feel less confused. Something hits you but does no damage.
Something hits you!
You miss something.
You hear some strange, mumbled words.
Something tries to affect you, but you resist.
You barely miss something. Something hits you.
* * * LOW HITPOINT WARNING * * *
You barely miss something. Something hits you.
* * * LOW HITPOINT WARNING * * *
You miss something. Something hits you.
* * * LOW HITPOINT WARNING * * *
You miss something. Something hits you.
You die...

.....# ####.##### #.....# ###
####.###.# ### .... ## .....#
#.###.########.... #.
.#...###......##......... #.
.........#.....#......... #.
.#.###..........{........ ##
......####.#.###@....## #.###
...........#.# #.....# #....
......######.# ####### #####
#.##### ##+## ### # #.# ##...##
..# # #.## ##.....## ####.# #
#..## ##.....<.## ##.##.# #
#...####.........####...#.#######
...<...+.........'..†............


There were no monsters in sight!

Vanquished Creatures
  Terence (D:2)
  3 adders
  2 dart slugs (D:1)
  A worm (D:3)
  2 orcs
  7 ball pythons
  2 endoplasms
  3 giant cockroaches
  A hobgoblin (D:3)
  A quokka (D:1)
  5 bats
  3 frilled lizards (D:1)
  5 goblins (D:1)
  9 kobolds
  5 rats
50 creatures vanquished.

Vanquished Creatures (others)
  26 plants
26 creatures vanquished.

Grand Total: 76 creatures vanquished

Notes
Turn   | Place    | Note
-------+----------+-------------------------------------------
     0 | D:1      | Bruhh the Gargoyle Monk began the quest for the Orb.
     0 | D:1      | Reached XP level 1. HP: 14/14 MP: 1/1
   438 | D:1      | Reached XP level 2. HP: 20/20 MP: 2/2
   523 | D:1      | Reached skill level 4 in Fighting
   775 | D:1      | Reached XP level 3. HP: 24/24 MP: 3/3
  1156 | D:2      | Identified the +0 leather armour of the Robin {rC+ rCorr
                  | Str+3}
  1402 | D:2      | Reached skill level 5 in Fighting
  1750 | D:2      | Noticed Terence
  1759 | D:2      | HP: 1/26 [Terence/+0 falchion (2)]
  1831 | D:2      | HP: 1/39 [Terence/+0 falchion (4)]
  1834 | D:2      | Killed Terence
  1835 | D:2      | Reached XP level 4. HP: 2/31 MP: 4/4
  2720 | D:3      | Found a faded altar of an unknown god.
  2979 | D:3      | Identified the +5 rapier "Okat" {protect, rElec}
  3072 | D:3      | Noticed Sigmund
  3092 | D:3      | HP: 1/32 [something (5)]
  3093 | D:3      | Slain by Sigmund

Illustrated notes

Levels and vault maps discovered:
D:1:      dpeg_arrival_houses_and_road, layout_loops_ring,
          amcnicky_mini_corridor_feature, lexackson_kobold_supper
D:2:      wad_lake_hut, layout_loops_ring, serial_bayou_pond_b,
          minmay_misc_feat_hallway, minmay_misc_feat_pillars,
          minmay_misc_feat_five, uniq_terence
D:3:      layout_loops_corners, ebering_ecumenical_altar_webs,
          nicolae_grassy_gnolls, uniq_ijyb, uniq_sigmund

Skill      XL: |  1  2  3 |
---------------+----------+-----
Fighting       | 4 5 |  5.9
Axes           | |  2.6
Dodging        | |  2.4
Stealth        | |  2.1

Action                   |  1- 3 |  4- 6 || total
-------------------------+-------+-------++-------
Melee: Hand axe          |   153 |     5 ||   158
       Short sword       |       |    27 ||    27
       Rapier            |       |    13 ||    13
       Punch             |       |     1 ||     1
Throw: Javelin           |     4 |       ||     4
  Use: Potion            |     3 |       ||     3
 Stab: Sleeping          |     1 |       ||     1
Armor: Robe              |    48 |    11 ||    59
       Skin              |    19 |       ||    19
Dodge: Dodged            |    93 |    23 ||   116
